 Dungeon Crawl Stone Soup version 0.19.0-11-g3fc08b3 (webtiles) character file.

25 Chiseanne the Stinger (level 2, -5/23 HPs)
             Began as a Centaur Venom Mage on Nov 8, 2016.
             Slain by a worm (9 damage)
             ... on level 1 of the Dungeon.
             The game lasted 00:01:18 (1228 turns).

Chiseanne the Stinger (Centaur Venom Mage)          Turns: 1228, Time: 00:01:18

Health: -5/23      AC:  5    Str: 10    XL:     2   Next: 86%
Magic:  1/4        EV:  8    Int: 14    God:
Gold:   10         SH:  0    Dex:  9    Spells: 1 memorised, 3 levels left

rFire  . . .     SeeInvis .     d - +0 club
rCold  . . .     Gourm    .     h - +0 ring mail
rNeg   . . .     Faith    .     (no shield)
rPois  .         Spirit   .     (no helmet)
rElec  .         Reflect  .     (no cloak)
rCorr  .         Harm     .     (no gloves)
MR     .....                    (no barding)
Stlth  ..........               (no amulet)
                                (no ring)
                                (no ring)

@: very slightly contaminated, very quick
A: hooves 3, deformed body, speed 2, tough skin 3
a: no special abilities


You were on level 1 of the Dungeon.
You were hungry.

You visited 1 branch of the dungeon, and saw 1 of its levels.

You collected 10 gold pieces.

Inventory:

Hand Weapons
 d - a +0 club (weapon)
Missiles
 e - 37 stones (quivered)
 g - 27 arrows
Armour
 h - a +0 ring mail (worn)
Scrolls
 f - a scroll of identify {unknown}
Books
 b - a Young Poisoner's Handbook

   Spells                             Type                      Level
   a - Sting                          Conjuration/Poison           1
   b - Mephitic Cloud                 Conjuration/Poison/Air       3
   c - Olgreb's Toxic Radiance        Poison                       4
   d - Alistair's Intoxication        Transmutation/Poison         5
   e - Venom Bolt                     Conjuration/Poison           5
Comestibles
 c - a bread ration


   Skills:
 * Level 1.6 Fighting
 * Level 0.0 Armour
 * Level 2.1 Dodging
 - Level 1.1 Stealth
 - Level 1.5 Spellcasting
 - Level 3.2 Poison Magic


You had 3 spell levels left.
You knew the following spells:

 Your Spells              Type           Power        Failure   Level  Hunger
a - Sting                 Conj/Pois      #...         34%         1    ##.....


Dungeon Overview and Level Annotations

Branches:
Dungeon (1/15)

Altars:


Innate Abilities, Weirdness & Mutations

You have hooves in place of feet.
Armour fits poorly on your strangely shaped body.
You cover ground very quickly.
You have extremely tough skin. (AC +3)


Message History

Confirm with . or Enter, or press ? or * to list all spells.
Aiming: Sting
Press: ? - help, Shift-Dir - straight line, f - worm
Aim: a worm (moderately wounded)
You miscast Sting.
You are very lightly contaminated with residual magic.
Your skin glows momentarily.
Casting: Sting
Confirm with . or Enter, or press ? or * to list all spells.
You don't have enough magic to cast that spell.
Casting: Sting
Confirm with . or Enter, or press ? or * to list all spells.
You don't have enough magic to cast that spell.
Casting: Sting
Confirm with . or Enter, or press ? or * to list all spells.
You don't have enough magic to cast that spell.
You hit the worm.
The worm is moderately wounded.
The worm bites you!
You die...

##.## #.# ##...## #.#
#.....#####.#
#...........#
#.....####..#
##...#.###..#
##.#...##[.###
#...........#########
#..w@.............)..
#.##.###########.####
#.##.# #.# #.##.# #.#
#.##.# #.# #w##.# #.#
#.##.# #.# #.##.# #.#
#.# .# #.#


You could see a worm.

Vanquished Creatures
  An ooze (D:1)
  6 bats (D:1)
  2 giant cockroaches (D:1)
  3 goblins (D:1)
  2 hobgoblins (D:1)
  A ball python (D:1)
  A frilled lizard (D:1)
  3 kobolds (D:1)
  A rat (D:1)
20 creatures vanquished.

Notes
Turn   | Place    | Note
-------+----------+-------------------------------------------
     0 | D:1      | Chiseanne the Centaur Venom Mage began the quest for the Orb.
     0 | D:1      | Reached XP level 1. HP: 14/14 MP: 3/3
     2 | D:1      | Noticed a troll
     2 | D:1      | Noticed a vampire
     4 | D:1      | Noticed a felid
     6 | D:1      | Noticed an ogre
     6 | D:1      | Noticed a ghoul
     8 | D:1      | Noticed a dwarf
     8 | D:1      | Noticed a draconian
    10 | D:1      | Noticed an octopode
    12 | D:1      | Noticed a demonspawn
    14 | D:1      | Noticed a spriggan
    14 | D:1      | Noticed a naga
    16 | D:1      | Noticed a vine stalker
    16 | D:1      | Noticed a formicid
    18 | D:1      | Noticed an elf
    18 | D:1      | Noticed a centaur
    20 | D:1      | Noticed a halfling
    20 | D:1      | Noticed a demigod
    22 | D:1      | Noticed a minotaur
    22 | D:1      | Noticed a gargoyle
    24 | D:1      | Noticed a human
    26 | D:1      | Noticed a merfolk
    26 | D:1      | Noticed a tengu
   498 | D:1      | Reached skill level 1 in Fighting
   498 | D:1      | Reached XP level 2. HP: 12/23 MP: 4/4
  1228 | D:1      | Slain by a worm

Skill      XL: |  1  2 |
---------------+-------+-----
Fighting       | 1 |  1.6
Dodging        | 2 |  2.1
Stealth        | |  1.1
Spellcasting   | |  1.5
Poison Magic   | |  3.2

Action                   || total
-------------------------++-------
Melee: Club              ||    71
       Unarmed           ||     6
       Kick              ||     7
 Cast: Sting             ||     7
Armor: Robe              ||    38
Dodge: Dodged            ||    59
